 Dungeon Sprint DCSS version 0.19.1 (webtiles) character file.

4043 equalderp2856 the Unseen (level 10, -1/49 HPs)
             Began as a Felid Fighter on Dec 5, 2016.
             Was an Initiate of Gozag.
             Killed by divine providence
             ... invoked by a meliai
              (11 damage)
             ... in the Dungeon (Sprint I: "Red Sonja").
             The game lasted 00:16:47 (3489 turns).

equalderp2856 the Unseen (Felid Fighter)            Turns: 3489, Time: 00:16:47

Health: -1/49      AC:  3    Str: 13    XL:     10   Next: 4%
Magic:  11/11      EV: 35    Int: 12    God:    Gozag
Gold:   3785       SH:  0    Dex: 16    Spells: 6 memorised, 0 levels left
                                        Lives:  0   Deaths: 3

rFire  . . .     SeeInvis +       - Unarmed
rCold  . . .     Gourm    .     (armour unavailable)
rNeg   . . .     Faith    .     (shield unavailable)
rPois  .         Spirit   .     (helmet unavailable)
rElec  .         Reflect  .     (cloak unavailable)
rCorr  .         Harm     .     (gloves unavailable)
MR     +....     NoTele   +     (boots unavailable)
Stlth  ++++++++..               (no amulet)
                                l - +5 ring of evasion
                                o - +1 ring of protection

@: quick
A: no armour, no weapons or thrown items, stealth, claws 1, fangs 3, see
invisible, carnivore 3, speed 1, shaggy fur 2, slow metabolism 1, sharp paws
a: Potion Petition, Call Merchant, Bribe Branch, Renounce Religion


You were in the Dungeon.
You worshipped Gozag.
Gozag was most pleased with you.
You were not hungry.

You visited 1 branch You collected 4827 gold pieces.
You spent 1042 gold pieces at shops.

Inventory:

Jewellery
 l - a +5 ring of evasion (right paw)
 o - a +1 ring of protection (left paw)
 p - a +1 ring of protection
Wands
 c - a wand of disintegration (7/24)
 i - a wand of teleportation (7/9)
Scrolls
 d - 2 scrolls of amnesia
 h - a scroll of blinking
 u - a scroll of immolation {unknown}
 w - a scroll of identify
Potions
 a - a potion of might
 e - a potion of haste
 f - 2 potions of magic
 g - a potion of berserk rage
 k - a potion of cancellation {unknown}
 m - 3 potions of curing
 t - a potion of heal wounds
 v - a potion of lignification {unknown}
Books
 q - a book of Cantrips

   Spells                             Type                      Level
   a - Confusing Touch                Hexes                        1
   b - Animate Skeleton               Necromancy                   1
   c - Summon Small Mammal            Summoning                    1
   d - Apportation                    Translocation                1
 r - a book of Maledictions

   Spells                             Type                      Level
   a - Corona                         Hexes                        1
   b - Ensorcelled Hibernation        Hexes/Ice                    2
   c - Confuse                        Hexes                        3
   d - Tukima's Dance                 Hexes                        3
   e - Dazzling Spray                 Conjuration/Hexes            3
 s - a book of Minor Magic

   Spells                             Type                      Level
   a - Magic Dart                     Conjuration                  1
   b - Blink                          Translocation                2
   c - Call Imp                       Summoning                    2
   d - Repel Missiles                 Charms/Air                   2
   e - Slow                           Hexes                        2
   f - Conjure Flame                  Conjuration/Fire             3
   g - Mephitic Cloud                 Conjuration/Poison/Air       3
Miscellaneous
 n - a phial of floods
Comestibles
 b - a meat ration
 j - 2 beef jerkies


   Skills:
 + Level 9.2 Fighting
 + Level 13.9 Dodging
 * Level 20.3 Stealth
 + Level 18.1 Unarmed Combat


You couldn't memorise any spells.
You knew the following spells:

 Your Spells              Type           Power        Failure   Level  Hunger
a - Animate Skeleton      Necr           N/A          34%         1    ##.....
b - Blink                 Tloc           N/A          52%         2    ###....
c - Magic Dart            Conj           #...         34%         1    ##.....
d - Call Imp              Summ           #.......     52%         2    ###....
e - Ensorcelled Hibernat  Hex/Ice        #.....       52%         2    ###....
f - Repel Missiles        Chrm/Air       #.....       52%         2    ###....


Dungeon Overview and Level Annotations

Branches:
Dungeon (1/1)

Altars:
Cheibriados
Dithmenos
Elyvilon
Fedhas
Gozag
Hepliaklqana
Kikubaaqudgha
Makhleb
Nemelex Xobeh
Okawaru
Qazlal
Ru
Sif Muna
Trog
Uskayaw
Vehumet
Xom
Yredelemnul
Zin
The Shining One
Jiyva
Lugonu

Shops:
D =}*=}*(!:((%*=}[!


Innate Abilities, Weirdness & Mutations

You cannot wear armour.
You are incapable of wielding weapons or throwing items.
Your paws allow you to move quietly. (Stealth)
You have sharp claws.
You have razor-sharp teeth.
You have supernaturally acute eyesight. (SInv)
You are carnivorous and can eat meat at any time.
You cover ground quickly.
You are covered in thick fur. (AC +2)
You have a slow metabolism.
Your sharp claws are effective at attacking unaware monsters.


Message History

There is an open door here.
You see here a pair of gloves.
You now have 3596 gold pieces (gained 8).
You see here a pair of gloves.
There is an open door here.
Really walk into a travel-excluded area?
You now have 3623 gold pieces (gained 27).
You now have 3650 gold pieces (gained 27).
You now have 3677 gold pieces (gained 27).
You now have 3704 gold pieces (gained 27).
You now have 3731 gold pieces (gained 27).
You now have 3758 gold pieces (gained 27).
You are engulfed in freezing vapours.
You now have 3785 gold pieces (gained 27).
You are engulfed in freezing vapours.
* * * LOW HITPOINT WARNING * * *
The meliai calls down the wrath of its god upon you.
Something smites you!
You die...
Your body crumbles into a pile of gold.

##§.#####.§§.# #$###+#
$ $$$
§§..#..##'####..$#y#
$$$ $$
§§§.§..#.§^.§#..$### $
)≈(§#..#..§..§..$$$# $
+#####'###§.^#^... $
.%.###.'§#§..###'' $
'###)###§#§.## ..##
...'.∩##.#.^####$§###
########.##2#..#@§#$###
......##§##$#.§§§$$$$$#
......§'§####..§$$$$$$#
''######§#.['...$$$####
$$ .....§§#.#####..$###
$ ...§..#'§# $ #####
....§§#### ....§≈# $$
..≈≈≈## $$


You could see a meliai.

Vanquished Creatures
  2 centaur warriors (D)
  2 unseen horrors (D)
  A deep troll (D)
  A lindwurm (D)
  An oklob plant (D)
  2 kobold demonologists (D)
  A gargoyle (D)
  4 demonic crawlers (D)
  A hornet (D)
  A slime creature (D)
  2 redbacks (D)
  A yak (D)
  Sigmund (D)
  13 hogs (D)
  3 floating eyes (D)
  An ogre (D)
  7 necrophages (D)
  8 jellies (D)
  Ijyb (D)
  6 ballistomycetes (D)
59 creatures vanquished.

Vanquished Creatures (others)
  the Lernaean hydra (D)
  A deep elf master archer (D)
  Sonja (D)
  A gargoyle (D)
  2 ballistomycete spores (D)
6 creatures vanquished.

Grand Total: 65 creatures vanquished

Notes
Turn   | Place    | Note
-------+----------+-------------------------------------------
     0 | D        | equalderp2856 the Felid Fighter began the quest for the Orb.
     0 | D        | Reached XP level 1. HP: 10/10 MP: 2/2
     2 | D        | Noticed Ijyb
     9 | D        | Killed Ijyb
     9 | D        | Reached skill level 3 in Stealth
     9 | D        | Reached skill level 5 in Unarmed Combat
     9 | D        | Reached XP level 2. HP: 10/15 MP: 3/3
    94 | D        | Noticed an ogre
    98 | D        | Killed an ogre
    98 | D        | Reached skill level 5 in Stealth
    98 | D        | Reached XP level 3. HP: 19/19 MP: 4/4
    98 | D        | Reached XP level 4. HP: 22/22 MP: 5/5
   110 | D        | Noticed Sigmund
   113 | D        | Killed Sigmund
   113 | D        | Reached skill level 5 in Fighting
   113 | D        | Reached skill level 7 in Stealth
   113 | D        | Reached XP level 5. HP: 27/27 MP: 6/6
   128 | D        | Found a burning altar of Makhleb.
   128 | D        | Found a viscous altar of Jiyva.
   128 | D        | Found a shimmering altar of Xom.
   128 | D        | Found a corrupted altar of Lugonu.
   128 | D        | Noticed a slime creature
   131 | D        | Killed a slime creature
   131 | D        | Reached skill level 9 in Stealth
   131 | D        | Reached skill level 10 in Unarmed Combat
   131 | D        | Gained mutation: You are covered in thick fur. (AC +2) [Felid growth]
   131 | D        | Reached XP level 6. HP: 31/31 MP: 7/7
   134 | D        | Found a deep blue altar of Sif Muna.
   136 | D        | Found a radiant altar of Vehumet.
   142 | D        | Found Soirar's Gadget Emporium.
   142 | D        | Found an ancient bone altar of Kikubaaqudgha.
   142 | D        | Found a hazy altar of Hepliaklqana.
   142 | D        | Found a stormy altar of Qazlal.
   142 | D        | Found a hide-covered altar of Uskayaw.
   142 | D        | Found a blossoming altar of Fedhas.
   142 | D        | Found a bloodstained altar of Trog.
   142 | D        | Found an iron altar of Okawaru.
   142 | D        | Found a basalt altar of Yredelemnul.
   142 | D        | Found a glowing golden altar of the Shining One.
   142 | D        | Found a snail-covered altar of Cheibriados.
   142 | D        | Found a sacrificial altar of Ru.
   142 | D        | Found a glowing silver altar of Zin.
   142 | D        | Found a shadowy altar of Dithmenos.
   142 | D        | Found a white marble altar of Elyvilon.
   142 | D        | Noticed a yak
   154 | D        | Killed a yak
   154 | D        | Reached skill level 10 in Stealth
   154 | D        | Reached XP level 7. HP: 26/35 MP: 8/8
   155 | D        | Found an opulent altar of Gozag.
   156 | D        | Found a sparkling altar of Nemelex Xobeh.
   243 | D        | Became a worshipper of Gozag Ym Sagoz the Greedy
   311 | D        | Noticed a kobold demonologist
   312 | D        | Noticed a kobold demonologist
   324 | D        | Killed a kobold demonologist
   324 | D        | Reached skill level 10 in Dodging
   324 | D        | Reached skill level 11 in Stealth
   331 | D        | Killed a kobold demonologist
   331 | D        | Reached skill level 12 in Stealth
   331 | D        | Reached XP level 8. HP: 38/40 MP: 9/9
   360 | D        | Noticed a centaur warrior
   363 | D        | Noticed a centaur warrior
   376 | D        | Noticed a deep troll
   380 | D        | Killed a deep troll
   450 | D        | Found Ywicw's Armour Emporium.
   464 | D        | Noticed Sonja
   480 | D        | Slain by Sonja
   481 | D        | Reached XP level 7. HP: -5/37 MP: 8/8
   499 | D        | Found Jaetih's Jewellery Boutique.
   499 | D        | Noticed a shining eye
   499 | D        | Noticed a shining eye
   504 | D        | Paralysed by a floating eye for 4 turns
   512 | D        | Reached skill level 13 in Stealth
   516 | D        | Noticed a shining eye
   710 | D        | Killed Sonja
   710 | D        | Reached XP level 8. HP: 40/40 MP: 9/9
   766 | D        | Killed a gargoyle
  1182 | D        | Killed a centaur warrior
  1182 | D        | Reached skill level 14 in Stealth
  1191 | D        | Slain by a centaur warrior
  1192 | D        | Reached XP level 7. HP: -3/37 MP: 8/8
  1196 | D        | Killed a centaur warrior
  1196 | D        | Reached skill level 15 in Stealth
  1196 | D        | Reached skill level 15 in Unarmed Combat
  1196 | D        | Reached XP level 8. HP: 34/41 MP: 9/9
  1243 | D        | Noticed a hornet
  1247 | D        | Killed a hornet
  1261 | D        | Noticed an oklob plant
  1272 | D        | Killed an oklob plant
  1272 | D        | Reached XP level 9. HP: 12/45 MP: 10/10
  1497 | D        | Reached skill level 16 in Stealth
  1879 | D        | Found Gizeuf's Jewellery Shoppe.
  1879 | D        | Found Buhank's Assorted Antiques.
  1879 | D        | Found Zoarick's Gadget Boutique.
  1881 | D        | Found Buptov's General Store.
  1881 | D        | Found Cifog's Weapon Shop.
  1881 | D        | Found Voulitan's Distillery.
  1881 | D        | Found Vofeemm's Book Boutique.
  1881 | D        | Found Ytudgh's Antique Weapon Emporium.
  1881 | D        | Found Rafack Wiesi's Antique Weapon Shop.
  1881 | D        | Found Fileytis's Food Shoppe.
  1883 | D        | Found Diots's Assorted Antiques.
  1884 | D        | Found Meapn's Gadget Emporium.
  1884 | D        | Found Xeroi's Jewellery Boutique.
  1885 | D        | Found Dupoany's Distillery.
  1885 | D        | Killed the 27-headed Lernaean hydra
  1920 | D        | Noticed an unseen horror
  1920 | D        | Noticed an unseen horror
  1922 | D        | Killed an unseen horror
  1922 | D        | Reached skill level 17 in Stealth
  1922 | D        | Reached XP level 10. HP: 49/49 MP: 11/11
  1923 | D        | Killed an unseen horror
  1986 | D        | Bought a +1 ring of protection for 30 gold pieces
  2062 | D        | Bought a ring of protection for 30 gold pieces
  2073 | D        | Bought a book of Cantrips for 220 gold pieces
  2073 | D        | Bought a book of Maledictions for 275 gold pieces
  2073 | D        | Bought a book of Minor Magic for 220 gold pieces
  2223 | D        | Bought a potion of heal wounds for 55 gold pieces
  2232 | D        | Bought a scroll labeled HAALOBY JIUNIH for 15 gold pieces
  2232 | D        | Bought a scroll labeled OMYNNEA WOKLA for 15 gold pieces
  2417 | D        | Reached skill level 18 in Stealth
  2440 | D        | Noticed a gargoyle
  2451 | D        | Noticed a lindwurm
  2454 | D        | Killed a lindwurm
  2454 | D        | Reached skill level 19 in Stealth
  2508 | D        | Reached skill level 20 in Stealth
  2520 | D        | Reached XP level 11. HP: 51/53 MP: 12/12
  2543 | D        | Learned a level 1 spell: Animate Skeleton
  2546 | D        | Learned a level 2 spell: Blink
  2548 | D        | Learned a level 1 spell: Magic Dart
  2551 | D        | Learned a level 2 spell: Call Imp
  2554 | D        | Learned a level 2 spell: Ensorcelled Hibernation
  2557 | D        | Learned a level 2 spell: Repel Missiles
  2790 | D        | Bought a wand of disintegration (9/24) for 182 gold pieces
  3418 | D        | Noticed a lorocyproca
  3452 | D        | Mangled by a lorocyproca
  3453 | D        | Reached XP level 10. HP: -6/49 MP: 0/11
  3463 | D        | Killed a deep elf master archer
  3489 | D        | Killed from afar by a meliai

Skill      XL: |  1  2  3  4  5  6  7  8  9 10 |
---------------+-------------------------------+-----
Stealth        | 3 5 7 9 10 15 14 17 20 | 20.3
Unarmed Combat | 5 7 9 10 11 15 13 16 18 | 18.1
Fighting       | 4 5 6 7 8 9 |  9.2
Dodging        | 6 7 8 9 10 13 | 13.9

Action                   |  1- 3 |  4- 6 |  7- 9 | 10-12 || total
-------------------------+-------+-------+-------+-------++-------
Melee: Unarmed           |     7 |    15 |    94 |    89 ||   205
       Bite              |       |     4 |    11 |    10 ||    25
       Punch             |       |     1 |     7 |     9 ||    17
Evoke: Wand              |       |       |       |     2 ||     2
  Use: Potion            |       |       |     3 |     1 ||     4
       Scroll            |       |       |       |     3 ||     3
 Stab: Sleeping          |     2 |     3 |     5 |     7 ||    17
  Eat: Meat ration       |       |       |       |     1 ||     1
Armor: Skin              |       |       |     3 |       ||     3
Dodge: Dodged            |     3 |     7 |    78 |    40 ||   128
